Map: Whitewater Line LE

Players

Raynar

  • Race: Protoss Protoss
  • Spawn Location: 1:00

TNF

  • Race: Protoss Protoss
  • Spawn Location: 12:00

Throwfordays

  • Race: Terran Terran
  • League: Silver
  • Spawn Location: 1:00

VOD

Have the link to the VOD?

Description

Time

  • Played on: April 27, 2019, 1:02 p.m.
  • Length: 33:39
Show
View Real Time Build Order
Export as new Build Order

Raynar Protoss 

Build Orders:  

Get SALT Encoding   

  12  0:01  Probe (Chrono Boost)  
  13  0:13  Probe (Chrono Boost)  
  14  0:26  Pylon  
  14  0:31  Probe (Chrono Boost)  
  15  0:52  Gateway  
  15  0:53  Probe (Chrono Boost)  
  16  1:08  Assimilator  
  16  1:13  Probe (Chrono Boost)  
  17  1:25  Probe (Chrono Boost)  
  18  1:37  Probe (Chrono Boost)  
  19  1:50  Probe (Chrono Boost)  
  19  1:58  Pylon  
  19  1:59  Cybernetics Core  
  20  2:06  Pylon  
  20  2:24  Nexus  
  20  2:34  Probe (Chrono Boost)  
  22  2:51  Probe (Chrono Boost)  
  22  3:08  Probe (Chrono Boost)  
  23  3:25  Probe (Chrono Boost)  
  23  3:27  Forge  
  24  3:31  Pylon  
  24  3:41  Pylon  
  24  3:56  Warp Gate  
  24  3:59  Robotics Facility  
  24  4:14  Probe (Chrono Boost)  
  26  4:20  Probe (Chrono Boost)  
  26  4:29  Assimilator  
  27  4:30  Probe (Chrono Boost)  
  27  4:37  Probe (Chrono Boost)  
  30  4:47  Probe (Chrono Boost)  
  31  4:53  Probe (Chrono Boost)  
  30  5:00  Protoss Ground Weapons Level 1  
  30  5:04  Probe x2 (Chrono Boost)  
  32  5:13  Immortal  
  32  5:15  Probe (Chrono Boost)  
  34  5:21  Probe (Chrono Boost)  
  38  5:31  Probe (Chrono Boost)  
  39  5:40  Stalker  
  39  5:48  Probe (Chrono Boost)  
  42  6:08  Gateway  
  42  6:16  Pylon  
  42  6:32  Pylon  
  42  6:35  Pylon  
  42  6:38  Pylon, Stalker  
  44  6:41  Pylon  
  44  6:59  Gateway  
  44  7:02  Gateway  
  44  7:04  Gateway  
  44  7:08  Twilight Council  
  44  7:17  Probe (Chrono Boost)  
  45  7:20  Robotics Bay  
  45  7:23  Probe (Chrono Boost)  
  45  7:25  Assimilator  
  45  7:28  Assimilator, Probe (Chrono Boost)  
  46  7:34  Probe (Chrono Boost), Immortal  
  52  7:42  Probe (Chrono Boost)  
  52  7:47  Probe (Chrono Boost)  
  54  7:59  Probe (Chrono Boost)  
  55  8:16  Probe (Chrono Boost)  
  56  8:31  Probe (Chrono Boost)  
  56  8:35  Probe (Chrono Boost)  
  58  8:42  Probe (Chrono Boost)  
  58  8:47  Warp Prism  
  62  8:52  Probe (Chrono Boost)  
  62  8:54  Probe (Chrono Boost)  
  63  9:09  Probe (Chrono Boost)  
  65  9:10  Probe (Chrono Boost)  
  65  9:16  Pylon  
  65  9:24  Immortal  
  65  9:27  Probe (Chrono Boost)  
  66  9:32  Extended Thermal Lance  
  70  9:47  Stalker x3  
  76  9:58  Blink  
  76  10:03  Protoss Ground Weapons Level 2  
  76  10:34  Robotics Facility  
  76  10:49  Immortal  
  76  10:59  Stalker  
  78  11:00  Stalker  
  84  11:17  Stalker x2  
  88  11:23  Sentry  
  90  11:44  Colossus  
  96  12:01  Stalker x2  
  96  12:04  Immortal  
  104  12:33  Gateway  
  104  12:36  Gateway  
  80  13:17  Charge  
  80  13:27  Immortal x2  
  80  13:29  Protoss Ground Weapons Level 3  
  88  13:58  Zealot x2  
  88  13:59  Zealot x4  
  100  14:00  Zealot  
  102  14:22  Colossus  
  108  15:00  Sentry  
  108  15:17  Colossus  
  102  16:27  Immortal x2  
  102  16:29  Pylon  
  102  16:33  Pylon  
  102  16:34  Pylon  
  102  16:38  Pylon  
  102  16:40  Pylon  
  102  16:42  Pylon  
  102  16:48  Pylon  
  110  17:11  Protoss Shields Level 1  
  110  17:22  Immortal x2  
  98  18:01  Stalker  
  98  18:02  Stalker x4  
  98  18:03  Stalker x2  
  112  18:10  Colossus x2  
  80  18:58  Zealot x4  
  80  18:59  Zealot x3  
  94  19:18  Immortal x2  
  94  19:23  Gravitic Drive  
  94  19:29  Sentry x2  
  106  19:31  Stalker x4  
  106  19:32  Stalker  
  116  19:59  Colossus x2  
  116  20:11  Protoss Ground Armor Level 1  
  116  20:14  Stalker x4  
  116  20:15  Stalker x2  
  116  20:17  Sentry  
  142  21:39  Nexus  
  142  21:44  Pylon  
  142  21:48  Pylon  
  142  21:58  Assimilator  
  142  21:59  Assimilator  
  142  22:06  Stalker  
  142  22:07  Stalker x2  
  142  22:09  Sentry x2  
  152  22:11  Zealot  
  152  22:12  Zealot  
  90  23:06  Zealot x5  
  71  23:33  Zealot x2  
  71  23:35  Sentry  
  73  24:29  Immortal  
  73  24:31  Immortal  
  73  24:36  Nexus  
  81  25:03  Protoss Ground Armor Level 2  
  81  25:11  Sentry x2  
  81  25:14  Stalker x2  
  69  26:54  Stalker  
  69  26:55  Stalker x4  
  69  26:56  Stalker x2  
  83  27:05  Probe (Chrono Boost)  
  83  27:09  Probe (Chrono Boost)  
  86  27:22  Probe (Chrono Boost)  
  86  27:26  Probe (Chrono Boost)  
  87  27:39  Probe (Chrono Boost)  
  88  27:43  Probe (Chrono Boost)  
  88  27:48  Immortal x2  
  89  27:56  Probe (Chrono Boost)  
  91  28:00  Probe (Chrono Boost)  
  99  28:12  Probe (Chrono Boost)  
  99  28:17  Probe (Chrono Boost)  
  101  28:24  Stalker x3  
  101  28:27  Protoss Shields Level 2, Sentry x2  
  101  28:28  Sentry  
  113  28:42  Colossus  
  113  28:43  Colossus  
  117  30:49  Zealot x3  
  123  30:50  Zealot x4  
  87  31:45  Pylon  
  87  31:47  Pylon  
  86  31:56  Stalker x5  
  86  31:57  Stalker  
  86  31:58  Immortal  
  86  31:59  Immortal  
  97  32:29  Stalker x2  
  83  32:30  Stalker  
  65  32:54  Gateway x2  
  65  33:15  Photon Cannon  
  65  33:17  Photon Cannon  
  65  33:19  Shield Battery  
  65  33:21  Photon Cannon  
  65  33:22  Shield Battery, Photon Cannon  
  65  33:24  Stalker x2  
Show
View Real Time Build Order
Export as new Build Order

TNF Protoss 

Build Orders:  

Get SALT Encoding   

  12  0:06  Probe (Chrono Boost)  
  13  0:23  Probe (Chrono Boost)  
  14  0:39  Pylon  
  15  0:40  Probe (Chrono Boost)  
  15  0:49  Assimilator  
  15  0:56  Assimilator  
  15  1:13  Pylon  
  15  1:24  Forge  
  15  1:54  Gateway  
  15  2:04  Gateway  
  15  2:17  Photon Cannon  
  15  2:28  Photon Cannon  
  16  2:40  Probe (Chrono Boost)  
  16  2:57  Probe (Chrono Boost)  
  17  3:14  Probe (Chrono Boost)  
  19  3:31  Probe (Chrono Boost)  
  19  3:45  Nexus  
  19  3:59  Pylon  
  19  4:05  Assimilator  
  19  4:12  Assimilator  
  19  4:39  Zealot  
  21  4:42  Zealot  
  23  5:03  Probe (Chrono Boost)  
  24  5:11  Protoss Ground Weapons Level 1  
  24  5:18  Cybernetics Core  
  24  5:43  Probe (Chrono Boost)  
  25  5:58  Photon Cannon  
  26  6:00  Probe (Chrono Boost)  
  26  6:05  Photon Cannon  
  26  6:12  Photon Cannon  
  26  6:17  Probe (Chrono Boost)  
  27  6:25  Probe (Chrono Boost)  
  28  6:42  Probe (Chrono Boost)  
  28  6:48  Stalker x2  
  29  6:59  Probe (Chrono Boost)  
  34  7:16  Probe (Chrono Boost)  
  35  7:33  Probe (Chrono Boost)  
  40  8:02  Unknown, Stalker  
  40  8:06  Unknown, Stalker  
  44  8:11  Protoss Shields Level 1  
  44  8:26  Probe (Chrono Boost)  
  45  8:43  Probe (Chrono Boost)  
  51  9:00  Probe (Chrono Boost)  
  51  9:10  Stargate  
  51  9:12  Stalker  
  51  9:13  Unknown  
  51  9:17  Unknown, Probe (Chrono Boost)  
  54  9:20  Stargate  
  54  9:26  Pylon  
  54  9:35  Pylon  
  54  9:42  Pylon  
  54  9:48  Pylon  
  54  9:51  Stalker  
  54  9:54  Zealot, Probe (Chrono Boost)  
  54  9:55  Pylon  
  47  10:33  Zealot  
  47  10:39  Shield Battery  
  49  10:48  Pylon  
  49  10:55  Photon Cannon  
  49  11:11  Protoss Ground Armor Level 1  
  49  11:22  Pylon  
  49  11:36  Void Ray  
  53  11:45  Void Ray  
  57  11:57  Shield Battery  
  57  12:03  Photon Cannon  
  57  12:07  Photon Cannon  
  57  12:11  Photon Cannon  
  57  12:15  Photon Cannon  
  57  12:21  Photon Cannon  
  57  12:27  Photon Cannon  
  41  13:40  Photon Cannon  
  41  13:44  Photon Cannon  
  41  13:49  Photon Cannon  
  41  13:52  Photon Cannon  
  41  13:56  Photon Cannon  
  41  14:02  Shield Battery  
  41  14:08  Photon Cannon  
  41  14:16  Photon Cannon  
  41  14:30  Void Ray  
  41  14:33  Void Ray  
  53  15:19  Unknown, Stalker  
  55  15:23  Stalker  
  55  15:24  Unknown  
  57  16:01  Zealot  
  57  16:05  Zealot  
  61  16:14  Photon Cannon  
  61  16:24  Nexus  
  61  16:30  Assimilator  
  61  16:35  Assimilator  
  61  16:46  Pylon  
  61  17:40  Photon Cannon  
  61  17:45  Photon Cannon  
  61  17:48  Photon Cannon  
  61  17:52  Photon Cannon  
  37  18:47  Void Ray  
  42  18:50  Void Ray  
  44  19:24  Unknown, Stalker  
  46  19:35  Unknown, Stalker  
  48  20:06  Zealot  
  50  20:17  Zealot  
  52  20:42  Assimilator  
  52  20:58  Nexus  
  52  21:06  Assimilator  
  52  21:10  Assimilator  
  52  21:26  Pylon  
  52  21:48  Pylon  
  52  21:58  Pylon  
  31  22:50  Photon Cannon  
  31  23:01  Photon Cannon  
  31  23:08  Photon Cannon  
  31  23:19  Void Ray  
  35  23:22  Void Ray  
  35  23:25  Stalker  
  35  23:28  Stalker  
  47  24:43  Nexus  
  47  24:49  Unknown  
  47  24:52  Unknown, Zealot  
  49  25:08  Assimilator  
  49  25:15  Assimilator  
  49  25:43  Photon Cannon  
  49  25:57  Photon Cannon  
  31  26:47  Zealot  
  33  26:56  Void Ray  
  34  27:04  Zealot  
  36  27:25  Stalker  
  38  27:38  Probe (Chrono Boost)  
  41  27:58  Pylon  
  43  28:21  Photon Cannon  
  43  28:24  Unknown, Stalker  
  43  28:29  Photon Cannon  
  45  28:40  Pylon  
  45  28:49  Unknown  
  45  29:06  Photon Cannon  
  45  29:16  Photon Cannon  
  45  29:21  Photon Cannon  
  45  29:27  Photon Cannon  
  45  29:44  Void Ray  
  45  29:46  Void Ray  
  45  29:49  Zealot  
  55  29:55  Zealot  
  57  30:14  Photon Cannon  
  57  30:23  Protoss Air Weapons Level 1  
  57  30:27  Stalker  
  57  30:33  Stalker  
  33  31:29  Void Ray  
  31  31:41  Void Ray  
  30  31:51  Unknown  
  30  31:57  Unknown  
  26  32:29  Void Ray  
Show
View Real Time Build Order
Export as new Build Order

Throwfordays Terran 

Build Orders:  

Get SALT Encoding   

  12  0:01  SCV  
  13  0:19  Supply Depot  
  13  0:26  SCV  
  14  0:42  SCV  
  15  0:59  SCV  
  16  1:00  Barracks  
  16  1:09  Refinery  
  16  1:16  SCV  
  17  1:21  Refinery  
  17  1:33  SCV  
  18  1:50  SCV  
  19  2:07  SCV  
  19  2:09  Barracks Tech Lab  
  20  2:12  Barracks  
  20  2:24  SCV  
  21  2:47  Command Center  
  21  2:54  SCV  
  22  3:08  Supply Depot  
  22  3:11  SCV  
  23  3:30  Barracks Reactor  
  23  3:34  Barracks  
  23  3:38  Marine  
  24  3:46  Supply Depot  
  24  3:49  SCV  
  25  4:21  SCV  
  25  4:29  Orbital Command  
  26  4:30  Engineering Bay  
  26  4:42  Barracks Reactor  
  26  4:45  Supply Depot  
  26  4:56  Bunker  
  26  5:11  SCV  
  26  5:19  Orbital Command  
  27  5:28  SCV  
  28  5:31  Engineering Bay  
  28  5:45  SCV  
  29  5:50  Bunker  
  29  5:59  Bunker  
  29  6:00  Marine x4  
  29  6:01  Marine  
  29  6:02  SCV  
  35  6:17  SCV  
  35  6:19  SCV  
  37  6:25  Marine x2  
  39  6:31  Terran Infantry Weapons Level 1  
  39  6:34  SCV  
  39  6:36  SCV  
  39  6:37  Terran Infantry Armor Level 1  
  41  6:46  Factory  
  41  6:51  SCV  
  42  7:04  Marine  
  42  7:05  Marine x3  
  42  7:08  SCV  
  47  7:25  SCV  
  48  7:39  Supply Depot  
  48  7:43  SCV  
  48  7:48  SCV  
  48  7:49  Supply Depot  
  50  7:52  Refinery  
  50  7:55  Refinery  
  50  7:59  SCV  
  50  8:05  SCV  
  52  8:13  Factory Tech Lab  
  52  8:16  SCV  
  52  8:19  Factory  
  53  8:21  SCV  
  54  8:32  Starport  
  54  8:33  SCV  
  54  8:34  Armory  
  54  8:38  SCV  
  56  8:42  Siege Tank  
  59  8:50  SCV  
  59  8:55  SCV  
  61  9:27  Siege Tank  
  64  9:33  Starport Reactor  
  64  9:37  Hi-Sec Auto Tracking  
  64  9:49  SCV  
  65  10:22  Factory Tech Lab  
  65  10:23  Command Center  
  65  10:27  Siege Tank  
  68  10:35  Structure Armor  
  74  10:52  Terran Vehicle Weapons Level 1, Armory  
  74  11:00  Supply Depot  
  74  11:12  Siege Tank  
  74  11:14  Drilling Claws  
  74  11:15  Unknown  
  74  11:18  SCV  
  78  11:30  SCV  
  78  11:35  SCV  
  80  11:40  Supply Depot, Unknown x2  
  80  11:42  Siege Tank  
  80  11:47  SCV  
  84  11:52  SCV  
  84  11:58  Terran Ship Weapons Level 1  
  85  12:04  SCV  
  85  12:08  Refinery, Planetary Fortress  
  85  12:09  SCV  
  85  12:21  SCV  
  85  12:26  SCV  
  85  12:27  Siege Tank  
  88  12:38  SCV  
  87  12:51  Unknown  
  87  13:06  SCV  
  87  13:17  Refinery  
  87  13:23  SCV  
  88  13:40  SCV  
  86  15:33  SCV  
  87  15:50  SCV  
  88  16:07  SCV  
  92  16:12  Terran Infantry Weapons Level 2  
  92  16:13  Terran Infantry Armor Level 2  
  92  16:21  Terran Ship Weapons Level 2  
  92  16:22  Terran Vehicle Weapons Level 2  
  92  16:24  SCV  
  93  16:37  Starport  
  93  16:39  Supply Depot  
  84  17:03  Stimpack  
  84  17:06  Marine x5  
  84  17:08  Unknown x2  
  89  17:20  Supply Depot  
  95  17:31  Marine x5  
  95  17:32  Starport Reactor  
  100  17:44  Supply Depot  
  100  17:56  Marine x5  
  70  18:21  Marine x5  
  70  18:22  Unknown x2  
  72  18:46  Marine  
  72  18:47  SCV  
  74  19:02  Medivac x4  
  74  19:04  SCV  
  74  19:07  Marine x4  
  87  19:11  Marine  
  87  19:13  Supply Depot  
  87  19:14  Supply Depot  
  88  19:21  SCV, Siege Tank  
  88  19:22  Siege Tank  
  95  19:32  Marine x4  
  95  19:36  Marine  
  95  19:38  Refinery, SCV  
  101  19:44  Medivac x2  
  105  19:55  SCV  
  105  19:57  Marine x4  
  110  20:01  Marine  
  110  20:06  Siege Tank  
  110  20:07  Siege Tank  
  117  20:12  SCV  
  118  20:22  Marine x4  
  118  20:26  Marine  
  118  20:29  SCV  
  124  20:30  Command Center  
  124  21:17  SCV  
  125  21:34  SCV  
  125  21:37  Supply Depot  
  125  21:38  Supply Depot  
  126  21:44  Supply Depot  
  126  21:46  Terran Ship Weapons Level 3, Terran Vehicle Weapons Level 3  
  126  21:48  Terran Infantry Armor Level 3, Terran Infantry Weapons Level 3  
  126  21:55  Siege Tank x5  
  126  21:58  Siege Tank  
  126  22:03  Unknown  
  126  22:07  Marine x5, SCV  
  132  22:24  SCV  
  129  22:32  Marine x5  
  134  22:41  SCV  
  132  22:57  Marine x5  
  125  23:04  Siege Tank x5  
  125  23:05  Siege Tank  
  116  23:17  SCV  
  112  23:22  Marine x5  
  99  23:34  SCV  
  100  23:47  Marine x5  
  105  23:51  SCV  
  106  24:08  SCV  
  107  24:12  Marine x5  
  109  24:24  SCV  
  109  24:25  SCV  
  108  24:30  Refinery x2  
  108  24:37  Marine x2  
  110  24:41  SCV  
  110  24:49  Supply Depot  
  108  24:51  Supply Depot  
  108  24:52  Supply Depot  
  108  24:58  SCV  
  109  25:07  Marine  
  109  25:08  Marine x4  
  114  25:15  SCV  
  115  25:22  Siege Tank x5  
  115  25:32  Marine, SCV, Command Center  
  115  25:33  Marine x4  
  119  25:57  Marine  
  119  25:58  Marine x2  
  74  26:17  Marine x2  
  69  26:22  Marine x2  
  69  26:23  Marine  
  69  26:26  Medivac x2  
  69  26:28  Medivac x2  
  72  26:33  Siege Tank x2  
  71  26:42  Marine x2  
  71  26:47  Marine x2  
  71  26:48  Marine  
  73  27:07  Marine x2  
  75  27:12  Marine x2  
  75  27:13  Marine  
  75  27:18  Planetary Fortress, Siege Tank x2  
  84  27:35  Marine x2  
  84  27:37  Marine x3  
  89  27:43  SCV  
  89  28:00  Marine x2  
  89  28:02  Marine x3  
  89  28:03  Siege Tank x2  
  100  28:25  Marine x2  
  100  28:27  Marine x3  
  105  28:48  Siege Tank x2  
  109  28:50  Marine  
  69  29:32  Siege Tank  
  69  29:37  Marine x4  
  69  29:38  Marine  
  64  30:02  Marine x4  
  64  30:03  Marine  
  42  30:23  Command Center  
  42  30:27  Marine x4  
  30  30:44  Terran Vehicle And Ship Armor Level 1  
  19  31:32  Orbital Command  
  19  32:20  Orbital Command  
  19  32:26  Cyclone  
  19  32:27  Cyclone  
Tags
 
League
Silver
Matchup
Co-op
Replay Pack
Multiplayer
Add a new tag
Caveats
  • Supply blocks, unpowered buildings, or Contaminate may cause inaccurate times.
  • Supply counts are checked every 10 seconds.